Map: Cactus Valley LE (Void)

Players

Luker

  • Race: Terran Terran
  • League: Diamond
  • Spawn Location: 1:00

Musumeci - Winner!

  • Race: Zerg Zerg
  • League: Diamond
  • Spawn Location: 5:00

VOD

Have the link to the VOD?

Description

Time

  • Played on: Feb. 12, 2017, 12:10 p.m.
  • Length: 17:32
Show
View Real Time Build Order
Export as new Build Order

Luker Terran 

Build Orders: Liberator Opening, MMM Bio 

Get SALT Encoding   

  12  0:02  SCV  
  13  0:14  SCV  
  14  0:22  Supply Depot  
  14  0:27  SCV  
  15  0:44  SCV  
  15  0:45  Barracks  
  16  0:53  Refinery  
  16  0:56  SCV  
  17  1:08  SCV  
  18  1:21  SCV  
  19  1:33  SCV  
  19  1:37  Barracks Reactor  
  20  1:46  SCV  
  21  1:51  Command Center  
  21  1:58  Orbital Command  
  21  2:03  Supply Depot  
  21  2:17  Marine  
  21  2:19  Factory, Marine  
  23  2:45  SCV  
  23  2:49  Bunker  
  24  2:55  Refinery  
  24  2:56  Barracks Tech Lab  
  24  2:57  SCV  
  25  3:09  SCV, Hellion x2  
  30  3:15  Starport  
  30  3:19  Orbital Command  
  30  3:23  Marine  
  31  3:33  Cyclone  
  34  3:36  Hellion  
  34  3:39  SCV  
  37  3:43  Marine  
  37  3:45  SCV  
  39  3:50  Stimpack  
  39  3:57  Hellion  
  39  3:58  Liberator  
  41  4:06  SCV x2  
  43  4:13  Supply Depot  
  43  4:15  Supply Depot  
  46  4:35  SCV x2, Marine  
  47  4:50  Widow Mine x2  
  47  4:51  SCV x2  
  53  4:55  Marauder  
  51  5:03  SCV  
  51  5:05  Starport Reactor  
  49  5:10  SCV  
  49  5:11  Barracks  
  49  5:13  Barracks, Command Center  
  50  5:30  SCV x2  
  50  5:35  Factory Tech Lab  
  52  5:37  Barracks  
  52  5:39  Engineering Bay  
  52  5:41  Engineering Bay  
  52  5:42  SCV  
  53  5:48  Marauder  
  53  5:49  Medivac  
  57  5:51  Medivac, Combat Shields  
  57  5:55  SCV x2  
  61  5:57  Refinery  
  61  5:58  Refinery  
  61  6:11  Marine  
  61  6:13  Siege Tank, Barracks Tech Lab  
  62  6:20  SCV x2  
  62  6:23  Supply Depot  
  62  6:24  Marine, Supply Depot  
  62  6:25  Marine, Supply Depot  
  64  6:27  Supply Depot  
  64  6:30  Marauder  
  64  6:31  Barracks Tech Lab  
  64  6:32  Terran Infantry Weapons Level 1  
  66  6:35  Orbital Command  
  66  6:36  SCV  
  66  6:37  SCV  
  68  6:42  Terran Infantry Armor Level 1  
  68  6:46  Marauder  
  70  6:54  Marauder, Marine x3  
  75  7:08  Siege Tank  
  78  7:10  Marauder  
  78  7:12  Medivac  
  80  7:20  Missile Turret  
  80  7:22  Missile Turret  
  80  7:23  Missile Turret  
  80  7:24  SCV x2  
  80  7:25  Missile Turret  
  80  7:28  Marine x2  
  80  7:29  Marauder  
  86  7:33  Marauder  
  86  7:36  SCV  
  87  7:38  Armory  
  87  7:42  Marauder  
  89  7:46  Marine  
  89  7:50  Concussive Shells, Barracks  
  90  8:09  Siege Tank  
  90  8:10  Marauder x2, Marine x3  
  90  8:11  SCV  
  101  8:26  Orbital Command  
  101  8:28  Marine  
  101  8:29  Marauder  
  100  8:41  Siege Tank  
  100  8:44  Command Center  
  100  8:46  Barracks Reactor  
  100  8:47  Terran Infantry Weapons Level 2  
  103  8:50  Unknown  
  103  8:53  SCV x3  
  106  9:01  Marauder, Marine, Supply Depot  
  106  9:02  Supply Depot  
  109  9:16  Unknown  
  109  9:18  SCV  
  107  9:24  Marine  
  107  9:25  Marauder x3, Marine x2  
  115  9:34  Unknown  
  115  9:35  Unknown  
  115  9:37  Siege Tank  
  114  9:42  Marine x2  
  114  9:43  SCV x3  
  119  9:45  Refinery  
  119  9:46  Marauder, Refinery  
  119  9:47  Medivac x2  
  125  9:55  SCV  
  115  10:09  Marine x2  
  115  10:10  Marauder x3, Marine x2  
  106  10:27  Marine x3, Siege Tank  
  106  10:28  SCV x2, Marine  
  115  10:31  Marauder x2  
  115  10:32  Marauder  
  119  10:45  Terran Infantry Armor Level 2, Marine x2  
  119  10:46  Factory  
  119  10:47  Barracks x2  
  119  10:48  Marine  
  122  10:52  Starport  
  122  10:53  Marauder x3  
  128  10:59  Siege Tank  
  131  11:05  Marine x2  
  126  11:12  Medivac x2  
  126  11:14  Marauder x2  
  131  11:28  Starport  
  131  11:29  Marine  
  131  11:30  Marauder, Marine x2  
  131  11:31  Factory Tech Lab  
  131  11:32  Terran Infantry Weapons Level 3  
  135  11:34  SCV x2  
  135  11:36  Fusion Core  
  135  11:38  SCV  
  138  11:40  Planetary Fortress  
  138  11:46  SCV x2  
  140  12:01  SCV  
  140  12:02  Marine  
  140  12:18  SCV, Marine x4  
  140  12:19  Marauder x2, Siege Tank x2  
  152  12:27  Starport Tech Lab  
  152  12:28  Starport Tech Lab  
  152  12:29  Weapon Refit  
  145  12:40  Marine x2  
  145  12:41  Marauder x3, Marine  
  145  12:42  Barracks Tech Lab  
  154  12:44  Barracks Reactor, Marine  
  154  12:46  SCV  
  156  12:52  Refinery  
  156  12:53  Refinery  
  156  13:03  Unknown x3  
  156  13:07  Marine  
  156  13:08  SCV x4  
  156  13:09  Siege Tank  
  156  13:12  Marine x2  
  155  13:14  Marine  
  155  13:18  Marauder  
  152  13:20  Siege Tank  
  152  13:25  Marine x3  
  152  13:26  Marauder x2, Marine  
  133  13:42  Siege Tank  
  133  13:43  Marine  
  133  13:44  Marauder x2, Marine x2  
  133  13:47  Medivac x2  
  126  13:52  Siege Tank  
  126  13:55  Orbital Command  
  129  14:00  Marine x3  
  129  14:01  Marauder x2, Marine  
  125  14:06  Marauder  
  120  14:10  SCV x2  
  120  14:13  SCV  
  120  14:14  Siege Tank  
  126  14:20  Medivac  
  126  14:21  Medivac  
  126  14:22  Battlecruiser, SCV  
  140  14:24  Siege Tank  
  140  14:30  Orbital Command  
  124  14:42  Medivac  
  122  14:46  Siege Tank  
  122  14:50  Medivac  
  113  15:00  Siege Tank  
  109  15:11  Marauder x2, Marine x2  
  109  15:13  SCV x3  
  109  15:14  SCV  
  107  15:18  Siege Tank  
  107  15:22  Refinery  
  107  15:25  SCV x2, Marine x2  
  107  15:26  Marauder x2, Marine  
  115  15:32  Siege Tank  
  112  15:39  Marauder, Marine x3  
  115  15:44  Missile Turret  
  115  15:50  Marine x4  
  115  15:51  Marauder  
  115  15:56  Starport Reactor  
  121  16:00  SCV  
  122  16:12  Marauder  
  123  16:24  Marine x3  
  123  16:25  Marine  
  118  16:32  Marine x5  
  123  16:33  Marauder  
  125  16:42  Marine x2  
  105  16:55  Marauder  
  53  17:14  Marine x2  
Show
View Real Time Build Order
Export as new Build Order

Musumeci Zerg - Winner!

Build Orders: Hatch First 

Get SALT Encoding   

  12  0:06  Drone  
  13  0:09  Drone  
  14  0:14  Extractor  
  14  0:15  Drone  
  15  0:41  Hatchery  
  14  0:45  Drone, Extractor  
  15  1:07  Spawning Pool  
  15  1:09  Extractor  
  15  1:10  Drone  
  15  1:11  Extractor  
  13  1:12  Drone  
  13  1:18  Overlord  
  16  1:44  Drone  
  17  1:47  Drone x2  
  17  1:53  Drone  
  20  1:55  Queen  
  20  1:56  Queen  
  24  2:04  Drone  
  24  2:05  Overlord  
  25  2:14  Drone  
  25  2:15  Drone  
  27  2:22  Drone  
  28  2:31  Queen  
  28  2:32  Queen  
  32  2:41  Overlord  
  32  2:44  Drone x3  
  34  2:53  Drone x2  
  36  2:59  Drone  
  36  3:01  Drone  
  38  3:19  Extractor x2  
  36  3:20  Drone x3  
  36  3:21  Drone x4  
  36  3:22  Roach Warren  
  42  3:27  Overlord  
  42  3:46  Overlord  
  42  3:49  Hatchery  
  41  4:01  Evolution Chamber  
  40  4:04  Evolution Chamber  
  40  4:06  Lair  
  39  4:28  Roach x2  
  39  4:29  Roach x3  
  47  5:03  Drone x11  
  58  5:19  Drone  
  58  5:20  Drone x7  
  66  5:22  Extractor  
  66  5:24  Zerg Ground Armor Level 1, Zerg Missile Weapons Level 1  
  65  5:29  Extractor  
  65  5:30  Drone x2, Extractor  
  65  5:31  Drone  
  61  5:45  Roach x2  
  65  5:54  Drone  
  65  6:16  Overlord  
  65  6:17  Overlord x6  
  65  6:30  Drone  
  65  6:32  Overlord x4  
  66  6:40  Drone x6  
  66  6:42  Extractor  
  66  6:44  Ravager x4  
  66  6:46  Roach  
  66  6:47  Roach x4  
  85  6:52  Spore Crawler  
  85  6:53  Spore Crawler  
  83  6:54  Spore Crawler  
  83  6:55  Spore Crawler  
  81  7:03  Overseer  
  75  7:12  Overseer  
  75  7:27  Drone x12  
  75  7:28  Drone  
  88  7:34  Drone x3  
  91  7:37  Glial Reconstitution  
  91  7:38  Zerg Missile Weapons Level 2  
  91  7:50  Roach x3  
  91  7:51  Roach x5  
  107  8:12  Zerg Ground Armor Level 2  
  107  8:14  Roach x7  
  119  8:44  Ravager x6  
  125  9:02  Hatchery, Extractor  
  123  9:16  Ravager x3  
  116  9:27  Ravager  
  110  9:40  Roach x10  
  110  9:41  Overlord x2  
  110  9:42  Overlord x8  
  128  10:02  Roach  
  128  10:03  Roach x9  
  114  10:24  Ravager x11  
  125  10:49  Infestation Pit  
  124  10:50  Roach  
  124  10:51  Roach x8  
  142  11:06  Drone x6  
  148  11:28  Spine Crawler  
  148  11:29  Spine Crawler  
  146  11:42  Spine Crawler  
  146  11:46  Spine Crawler x2  
  143  11:51  Tunneling Claws  
  143  11:52  Burrow  
  143  11:54  Roach x3  
  143  11:55  Roach x8  
  165  12:17  Roach x10  
  165  12:18  Roach x7  
  190  12:28  Ravager  
  190  12:29  Ravager x4  
  189  12:45  Roach x5  
  189  12:47  Drone  
  200  12:52  Extractor  
  122  14:03  Roach  
  122  14:04  Roach x23  
  122  14:07  Ravager  
  122  14:08  Ravager x11  
  174  14:12  Hive  
  171  14:39  Roach  
  171  14:40  Roach x2  
  171  14:41  Roach  
  161  14:51  Roach  
  161  14:52  Roach x4  
  157  14:53  Roach  
  144  15:04  Roach  
  118  15:26  Roach x4  
  118  15:27  Roach x20  
  137  16:03  Spire  
  137  16:04  Spire  
  129  16:24  Roach x12  
  129  16:25  Roach x11  
  145  16:37  Ravager x9  
  145  16:38  Ravager x7  
  98  17:11  Roach x5  
  98  17:12  Roach x10  
  98  17:13  Roach x9  
Tags
 
Add a new tag
Caveats
  • Supply blocks, unpowered buildings, or Contaminate may cause inaccurate times.
  • Supply counts are checked every 10 seconds.